 Dungeon Crawl Stone Soup version 0.30-a0-371-gad7725a93e (webtiles) character file.

Game seed: 18266401727651789407

560 retardedninja the Trooper (level 7, -5/62 HPs)
             Began as a Hill Orc Fighter on Nov 22, 2022.
             Slain by Edmund
             ... wielding a +6 vorpal dire flail
              (6 damage)
             ... on level 4 of the Dungeon.
             The game lasted 00:04:58 (4144 turns).

retardedninja the Trooper (Hill Orc Fighter)        Turns: 4144, Time: 00:05:00

Health: -5/62      AC: 11    Str: 21      XL:     7   Next: 31%
Magic:  7/7        EV:  4    Int:  8      God:
Gold:   232        SH:  4    Dex:  9 (10) Spells: 6/6 levels left

rFire   . . .      SeeInvis .    a - +0 war axe
rCold   . . .      Faith    .    c - +0 buckler
rNeg    . . .      Spirit   .    p - +0 chain mail
rPois   .          Reflect  .    (no helmet)
rElec   .          Harm     .    h - +0 cloak
rCorr   .          Rampage  .    (no gloves)
Will    .....      Clarity  +    (no boots)
Stlth   ..........               (no amulet)
HPRegen 0.30/turn                (no ring)
MPRegen 0.10/turn                (no ring)

@: mighty, grasped by roots, constricted
A: clarity, deterioration 1
a: no special abilities


You were on level 4 of the Dungeon.
You visited 1 branch of the dungeon, and saw 6 of its levels.

You collected 232 gold pieces.

Inventory:

Hand Weapons
 a - a +0 war axe (weapon)
Armour
 c - a +0 buckler (worn)
 h - a +0 cloak (worn)
 p - a +0 chain mail (worn)
Wands
 d - a wand of roots (7)
Scrolls
 e - 2 scrolls of enchant armour {unknown}
 g - 2 scrolls of identify {unknown}
 j - 3 scrolls of poison {unknown}
 k - a scroll of teleportation {unknown}
 m - a scroll of enchant weapon {unknown}
 n - a scroll of magic mapping {unknown}
 o - a scroll of silence {unknown}
Potions
 l - a potion of cancellation {unknown}


   Skills:
 + Level 5.8 Fighting
 + Level 5.5 Axes
 + Level 5.2 Armour
 + Level 5.3 Shields


You had 6 spell levels left.
You didn't know any spells.
Your spell library was empty.

Dungeon Overview and Level Annotations

Branches:
Dungeon (6/15)
 Temple: D:4-7

Altars:

Annotations:
D:4 Edmund


Innate Abilities, Weirdness & Mutations

You possess an exceptional clarity of mind.
Your body sometimes deteriorates upon taking damage.


Message History

Unknown command.
You hit Edmund.
Edmund is lightly wounded.
You hit the orc. You slash the orc!
You kill the orc!
Edmund hits you but does no damage. The orc hits you but does no damage.
Edmund zaps a wand.
The roots erupt in riotous growth!
The grasping roots grab you!
The orc is unaffected.
Edmund is unaffected.
The grasping roots constrict you. The orc hits you but does no damage.
Unknown command.
You barely miss Edmund.
Edmund is lightly wounded.
You slash the orc!
You kill the orc!
Edmund hits you with a +6 vorpal dire flail!
The grasping roots constrict you.
You slash Edmund!
Edmund is moderately wounded.
Edmund hits you with a +6 vorpal dire flail.
* * * LOW HITPOINT WARNING * * *
x2 The grasping roots constrict you.
* * * LOW HITPOINT WARNING * * *
Unknown command.
You feel very mighty all of a sudden. Edmund barely misses you.
The grasping roots constrict you.
* * * LOW HITPOINT WARNING * * *
The grasping roots release their grip on you.
You closely miss Edmund.
Edmund is moderately wounded.
Edmund hits you with a +6 vorpal dire flail.
* * * LOW HITPOINT WARNING * * *
x2 You hit Edmund.
Edmund is moderately wounded.
Edmund zaps a wand.
The roots erupt in riotous growth!
The grasping roots grab you!
Edmund is unaffected.
The grasping roots constrict you.
* * * LOW HITPOINT WARNING * * *
Edmund hits you with a +6 vorpal dire flail.
You die...

########
#....)@#
#....)@#
#......#
#......#
#......#
#......#
#......#
#......#
#......######
####


You could see Edmund.

Vanquished Creatures
  Menkaure (D:5)
  A water moccasin (D:5)
  A kobold brigand (D:6)
  A hound (D:6)
  3 orc wizards
  2 adders
  4 gnolls (D:5)
  A worm (D:2)
  14 orcs
  10 ball pythons
  4 endoplasms
  A giant cockroach (D:1)
  6 goblins
  8 hobgoblins
  8 kobolds
  2 quokkas
  4 bats (D:1)
  4 frilled lizards
  3 rats
78 creatures vanquished.

Vanquished Creatures (others)
  An orc wizard (D:3)
  23 fungi (D:6)
24 creatures vanquished.

Grand Total: 102 creatures vanquished

Notes
Turn   | Place    | Note
-------+----------+-------------------------------------------
     0 | D:1      | retardedninja the Hill Orc Fighter began the quest for the
                  | Orb.
     0 | D:1      | Reached XP level 1. HP: 19/19 MP: 1/1
    33 | D:1      | Found a faded altar of an unknown god.
    57 | D:1      | Reached XP level 2. HP: 13/27 MP: 2/2
   432 | D:1      | Reached XP level 3. HP: 33/33 MP: 3/3
  1361 | D:2      | Reached XP level 4. HP: 40/40 MP: 4/4
  1626 | D:3      | Reached XP level 5. HP: 37/47 MP: 5/5
  1662 | D:3      | You fall into a shaft and drop 3 floors!
  1693 | D:6      | Noticed a kobold brigand
  1709 | D:6      | Killed a kobold brigand
  1710 | D:6      | Reached skill level 5 in Fighting
  1710 | D:6      | Reached XP level 6. HP: 5/56 MP: 6/6
  2101 | D:5      | Entered Level 5 of the Dungeon
  2117 | D:5      | Noticed Menkaure
  2384 | D:5      | Killed Menkaure
  2385 | D:5      | Reached skill level 5 in Axes
  2895 | D:5      | Reached skill level 5 in Shields
  3411 | D:5      | Noticed a water moccasin
  3432 | D:5      | Gained mutation: Your body sometimes deteriorates upon
                  | taking damage. [potion of mutation]
  3432 | D:5      | Gained mutation: You possess an exceptional clarity of
                  | mind. [potion of mutation]
  3436 | D:5      | Killed a water moccasin
  3437 | D:5      | Reached skill level 5 in Armour
  3437 | D:5      | Reached XP level 7. HP: 11/62 MP: 7/7
  3443 | D:5      | HP: 3/62 [poisoned by a water moccasin]
  4099 | D:4      | Noticed Edmund
  4144 | D:4      | HP: 1/62 [constriction (5)]
  4144 | D:4      | Slain by Edmund

Illustrated notes

Levels and vault maps discovered:
D:1:      tarquinn_simple_flora_water_a, layout_loops_ring,
          chequers_ecumenical_altar_simple_redux, minmay_misc_feat_rows,
          amcnicky_mini_corridor_feature
D:2:      layout_loops_ring, serial_park_tiny_2
D:3:      layout_loops_ring, serial_glass, glass_columns_a, glass_columns_a,
          minmay_crystal_room
D:4:      layout_gridville, hangedman_decor_peaks_small, uniq_edmund
D:5:      layout_cave_pods, uniq_sigmund, uniq_crazy_yiuf_cottage, uniq_menkaure
D:6:      layout_loops_ring, serial_aquarium, aquarium_bridge_square
          [aquarium_subvault_wall, aquarium_subvault_wall,
          aquarium_subvault_bridge, aquarium_subvault_bridge],
          aquarium_bridge_square [aquarium_subvault_window,
          aquarium_subvault_bridge, aquarium_subvault_wall,
          aquarium_subvault_window], aquarium_window_3, aquarium_window_1,
          aquarium_window_1, aquarium_view_2d, aquarium_view_2c,
          aquarium_pool_corner

Skill      XL: |  1  2  3  4  5  6 |
---------------+-------------------+-----
Axes           | 3 4 5 |  5.5
Fighting       | 4 5 |  5.8
Armour         | 4 5 |  5.2
Shields        | 4 5 |  5.3

Action                   |  1- 3 |  4- 6 |  7- 9 || total
-------------------------+-------+-------+-------++-------
Melee: War axe           |   110 |    96 |    36 ||   242
  Use: Potion            |       |     5 |     1 ||     6
       Scroll            |       |     1 |       ||     1
Armor: Scale mail        |    51 |    28 |       ||    79
       Chain mail        |       |    13 |    30 ||    43
Dodge: Dodged            |    54 |    36 |    18 ||   108
Block: Buckler           |    26 |    26 |    10 ||    62

Table legend: (Time is in decaauts)
 A = Elapsed time spent in this place.
 B = Non-inter-level travel time spent in this place.
 C = Inter-level travel time spent in this place.
 D = Time resting spent in this place.
 E = Time spent auto-exploring this place.
 F = Levels seen in this place.
 G = Mean time per level.
                   A        B        C        D        E       F      G
               +--------+--------+--------+--------+--------+-----+--------+
         Total |   4238 |   4187 |     51 |   1995 |   1522 |   6 |  706.3 |
       Dungeon |   4238 |   4187 |     51 |   1995 |   1522 |   6 |  706.3 |
               +--------+--------+--------+--------+--------+-----+--------+

Top non-repeatable levels by time:
     D:5: 1657 daAuts
     D:1: 907 daAuts
     D:2: 723 daAuts
     D:6: 661 daAuts
     D:4: 204 daAuts
     D:3: 84 daAuts
